 Dungeon Crawl Stone Soup version 0.28.0-47-ge53b351184 (webtiles) character file.

Game seed: 2296449835283705374

169 Bruhh the Chopper (level 5, -4/41 (45) HPs)
             Began as a Hill Orc Fighter on May 1, 2022.
             Was a Believer of Jiyva.
             Slain by a wight
             ... wielding a +3 halberd of freezing
              (8 damage)
             ... on level 4 of the Dungeon.
             The game lasted 00:03:50 (2327 turns).

Bruhh the Chopper (Hill Orc Fighter)                Turns: 2327, Time: 00:03:51

HP:   -4/41 (45)    AC:  6    Str: 21    XL:     5   Next: 50%
MP:   5/5           EV:  9    Int:  8    God:    Jiyva [**....]
Gold: 109           SH:  4    Dex: 10    Spells: 4/4 levels left

rFire   . . .      SeeInvis .   a - +0 war axe
rCold   . . .      Faith    .   c - +0 buckler
rNeg    . . .      Spirit   .   b - +0 scale mail
rPois   .          Reflect  .   (no helmet)
rElec   .          Harm     .   (no cloak)
rCorr   +          Rampage  .   (no gloves)
Will    .....                   (no boots)
Stlth   ..........              (no amulet)
HPRegen 1.09/turn               (no ring)
MPRegen 0.39/turn               (no ring)

@: mighty, drained
A: no striking features
a: Renounce Religion


You were on level 4 of the Dungeon.
You worshipped Jiyva.
Jiyva was pleased with you.
You visited 1 branch of the dungeon, and saw 4 of its levels.

You collected 109 gold pieces.

Inventory:

Hand Weapons
 a - a +0 war axe (weapon)
Missiles
 g - 3 atropa-tipped darts (quivered)
Armour
 b - a +0 scale mail (worn)
 c - a +0 buckler (worn)
 i - a +0 ring mail of willpower
 s - a +0 plate armour
Jewellery
 q - a ring of magical power
 u - a ring of magical power
Scrolls
 e - 3 scrolls of magic mapping {unknown}
 f - a scroll of enchant armour {unknown}
 h - a scroll of fear {unknown}
 l - 3 scrolls of identify {unknown}
 m - a scroll of teleportation
 o - a scroll of immolation {unknown}
 p - 2 scrolls of holy word {unknown}
 t - a scroll of blinking {unknown}
Potions
 j - a potion of magic {unknown}
 k - a potion of invisibility {unknown}
 n - a potion of ambrosia {unknown}
 r - a potion of mutation {unknown}


   Skills:
 - Level 3.6 Fighting
 + Level 7.3 Axes
 - Level 3.2 Armour
 - Level 3.2 Shields


You had 4 spell levels left.
You didn't know any spells.
Your spell library contained the following spells:

 Spells                   Type           Power      Damage    Failure   Level
 Foxfire                  Conj/Fire      0%         2x1d4     83%         1
 Conjure Flame            Conj/Fire      0%         6-21      99%         3
 Inner Flame              Hex/Fire       0%         N/A       99%         3
 Flame Wave               Conj/Fire      0%         2d4       100%        4


Dungeon Overview and Level Annotations

Branches:
Dungeon (4/15)             Temple (0/1) D:4

Altars:
Jiyva

Portals:
Abyss: D:3

Annotations:
D:3 2 transporters, Skull's ghost, amateur SpEn


Message History

No target in view!
No target in view!
No target in view!
No target in view!
No target in view!
No target in view!
No target in view!
Things that are here:
a +0 dagger; a goblin corpse You swap places.
You hear a distant slurping noise.
Found an escape hatch in the ceiling.
There is an escape hatch in the ceiling here.
There is an escape hatch in the ceiling here. 2 wights come into view.
A wight is wielding a +4 morningstar of freezing.
A wight is wielding a +3 halberd of freezing.
There are monsters nearby!
A wight comes into view. It is wielding a +0 mace.
You block the wight's attack.
The wight moves out of view.
The wight hits you with a +3 halberd of freezing!
The wight freezes you.
The wight hits you with a +4 morningstar of freezing.
The wight freezes you.
You closely miss the wight. You hit the wight.
The wight hits you with a +4 morningstar of freezing!
You feel drained. The wight freezes you.
The wight hits you with a +3 halberd of freezing.
* * * LOW HITPOINT WARNING * * *
The wight freezes you.
* * * LOW HITPOINT WARNING * * *
The wight barely misses you.
You feel very mighty all of a sudden.
The wight hits you with a +4 morningstar of freezing.
The wight freezes you.
You slash the wight!
The wight is severely damaged.
The wight hits you from afar with a +3 halberd of freezing!!
* * * LOW HITPOINT WARNING * * *
You feel drained.
You die...

.#.##.#.......#...####.#
.#.##.##.###.J...........
.................####.###
...##.###.###.##.#
....#.........##.#
..#.#####.###.##z# ..#.#
#.# #.##z# ..#.# #.#
#.##z# # ..#.# #<###.##@#
.## ..#.#
#..##.##.########..#
..#.#
##.##.#............#
..#.# #.##.#.#.#.#.#.#..#
#.#.# #..#.#............#
#.#.# ##.#...#...J...#..#
#.#.# #.#..............#
#.#.# #...#.#...>...#..#
#.#.# ##..#............#


You could see 3 wights and a neutral jelly (wandering)(fellow slime).

Vanquished Creatures
  Natasha (twice) (D:3)
  An orc wizard (D:4)
  A gnoll (D:1)
  An adder (D:3)
  2 worms
  2 dart slugs
  3 orcs (D:4)
  3 ball pythons
  3 endoplasms
  5 giant cockroaches
  8 hobgoblins
  2 jackals (D:2)
  3 kobolds (D:1)
  3 bats
  6 frilled lizards
  11 goblins
  5 rats
61 creatures vanquished.

Vanquished Creatures (others)
  2 plants (D:1)
2 creatures vanquished.

Grand Total: 63 creatures vanquished

Notes
Turn   | Place    | Note
-------+----------+-------------------------------------------
     0 | D:1      | Bruhh the Hill Orc Fighter began the quest for the Orb.
     0 | D:1      | Reached XP level 1. HP: 19/19 MP: 1/1
     9 | D:1      | Reached skill level 3 in Axes
   206 | D:1      | Reached XP level 2. HP: 26/26 MP: 2/2
   387 | D:1      | Reached skill level 4 in Axes
   420 | D:1      | Reached XP level 3. HP: 30/31 MP: 3/3
   558 | D:1      | Found a faded altar of an unknown god.
   710 | D:2      | Reached skill level 5 in Axes
  1025 | D:2      | Identified the +3 quarterstaff of the Evening {spect, rC+
                  | Int+5}
  1104 | D:2      | Reached XP level 4. HP: 28/39 MP: 4/4
  1273 | D:3      | Found a one-way gate to the infinite horrors of the Abyss.
  1273 | D:3      | Noticed Skull's ghost (amateur SpEn)
  1273 | D:3      | Noticed a kobold brigand
  1274 | D:3      | Found a transporter.
  1274 | D:3      | Found a transporter.
  1284 | D:3      | Noticed a toenail golem
  1428 | D:3      | Noticed Natasha
  1436 | D:3      | Killed Natasha
  1437 | D:3      | Reached skill level 6 in Axes
  1563 | D:3      | Noticed a small abomination
  1702 | D:3      | Noticed Natasha
  1706 | D:3      | Killed Natasha
  1707 | D:3      | Reached XP level 5. HP: 45/45 MP: 5/5
  1753 | D:1      | Prayed at the altar of an unknown god.
  1753 | D:1      | Became a worshipper of Jiyva Jezuurit the Shapeless
  1753 | D:1      | Reached * piety under Jiyva
  1982 | D:4      | Reached skill level 7 in Axes
  2060 | D:4      | Found a staircase to the Ecumenical Temple.
  2098 | D:4      | Reached ** piety under Jiyva
  2327 | D:4      | Slain by a wight

Illustrated notes

Levels and vault maps discovered:
D:1:      lightli_arrival_maybe_door_vault, layout_rooms,
          shapermc_ecumenical_altar_acropolis
D:2:      layout_rooms, st_stairs_2
D:3:      layout_loops_ring, gammafunk_ghost_abyssal_escape, uniq_natasha
D:4:      layout_basic, minmay_temple_entry_glass, minmay_quantized

Skill      XL: |  1  2  3  4  5 |
---------------+----------------+-----
Axes           | 3 4 5 6 7 |  7.3
Fighting       | |  3.6
Armour         | |  3.2
Shields        | |  3.2

Action                   |  1- 3 |  4- 6 || total
-------------------------+-------+-------++-------
Melee: War axe           |    88 |    60 ||   148
  Use: Potion            |       |     1 ||     1
Armor: Scale mail        |    38 |    33 ||    71
Dodge: Dodged            |    45 |    26 ||    71
Block: Buckler           |    18 |    11 ||    29
